 Dungeon Crawl Stone Soup version 0.19-a0-1899-g2d93087 (webtiles) character file.

82 dobroeutro the Bolt Thrower (level 4, -1/27 HPs)
             Began as a Kobold Hunter on Oct 19, 2016.
             Slain by Crazy Yiuf
             ... wielding a +2 quarterstaff of chaos
              (2 damage)
             ... on level 2 of the Dungeon.
             The game lasted 00:03:28 (1648 turns).

dobroeutro the Bolt Thrower (Kobold Hunter)         Turns: 1648, Time: 00:03:29

Health: -1/27      AC:  7    Str: 10    XL:     4   Next: 70%
Magic:  4/4        EV: 15    Int: 12    God:
Gold:   42         SH:  0    Dex: 15    Spells: 0 memorised, 3 levels left

rFire  . . .     SeeInvis .     b - +1 short sword
rCold  . . .     Gourm    .     c - +0 leather armour
rNeg   . . .     Faith    .     (shield restricted)
rPois  .         Spirit   .     (no helmet)
rElec  .         Reflect  .     (no cloak)
rCorr  .         Harm     .     i - +0 pair of gloves
MR     .....                    (no boots)
Stlth  ++........               (no amulet)
                                (no ring)
                                e - +3 ring of protection

@: lethally poisoned (-1 -> -12), very slightly contaminated, hasted, very quick
A: carnivore 3
a: no special abilities


You were on level 2 of the Dungeon.
You were not hungry.

You visited 1 branch of the dungeon, and saw 2 of its levels.

You collected 42 gold pieces.

Inventory:

Hand Weapons
 a - a +1 hand crossbow
 b - a +1 short sword (weapon)
Missiles
 d - 20 bolts
Armour
 c - a +0 leather armour (worn)
 i - a +0 pair of gloves (worn)
Jewellery
 e - a +3 ring of protection (left hand)
Scrolls
 g - 3 scrolls of remove curse
 h - 2 scrolls of identify
 j - a scroll of recharging {unknown}
 l - a scroll of random uselessness
Comestibles
 f - 2 meat rations


   Skills:
 + Level 2.6 Fighting
 * Level 3.2 Short Blades
 + Level 5.5 Crossbows
 + Level 3.0 Dodging
 - Level 1.3 Stealth


You had 3 spell levels left.
You didn't know any spells.

Dungeon Overview and Level Annotations

Branches:
Dungeon (2/15)

Altars:
Gozag
The Shining One

Annotations:
D:2 Crazy Yiuf


Innate Abilities, Weirdness & Mutations

You are small and have problems with some larger weapons.
You are carnivorous and can eat meat at any time.


Message History

You closely miss Crazy Yiuf.
Crazy Yiuf is lightly wounded.
You feel sick. Crazy Yiuf hits you but does no damage.
You are more poisoned.
You barely miss Crazy Yiuf.
Crazy Yiuf is lightly wounded.
You feel sick.
Crazy Yiuf hits you with a quarterstaff of chaos!
* * * LOW HITPOINT WARNING * * *
You feel yourself speed up.
You are very lightly contaminated with residual magic.
You aren't carrying any potions.
You closely miss Crazy Yiuf.
Crazy Yiuf is lightly wounded.
* * * LOW HITPOINT WARNING * * *
You feel sick.
You puncture Crazy Yiuf!
Crazy Yiuf is heavily wounded.
Crazy Yiuf hits you with a quarterstaff of chaos.
You die...

######## .......# ###########
.#####.# #.......... ## #.#
########### #.##♣♣♣♣♣ #.##
#)....♣.♣♣♣ #### #.<########
##......♣..♣#...# #.........#
#......♣♣♣♣.@g..# #..######.#
#..÷..♣♣ ♣♣#..)# #...# #.#
##))##♣♣ #### ###.# #.# ####...#
#.# #.. #......# ###.#####..
#.##...################..........
...........................######
#.##.#.#.##.....#########..#
#.##.....###...## #..#


You could see Crazy Yiuf.

Vanquished Creatures
  2 adders (D:2)
  2 worms (D:2)
  A dart slug (D:2)
  9 bats
  12 goblins
  7 hobgoblins
  5 jackals
  2 quokkas (D:2)
  3 frilled lizards
  4 kobolds
  4 rats
51 creatures vanquished.

Notes
Turn   | Place    | Note
-------+----------+-------------------------------------------
     0 | D:1      | dobroeutro the Kobold Hunter began the quest for the Orb.
     0 | D:1      | Reached XP level 1. HP: 12/12 MP: 1/1
    65 | D:1      | Reached skill level 1 in Short Blades
   101 | D:1      | Reached skill level 5 in Crossbows
   101 | D:1      | Reached XP level 2. HP: 13/18 MP: 2/2
   190 | D:1      | Reached XP level 3. HP: 10/22 MP: 3/3
   752 | D:2      | Reached XP level 4. HP: 6/27 MP: 4/4
  1383 | D:2      | Found an opulent altar of Gozag.
  1546 | D:2      | Found a glowing golden altar of the Shining One.
  1633 | D:2      | Found a runed door.
  1637 | D:2      | Noticed Crazy Yiuf
  1647 | D:2      | HP: 1/27 [poisoned by Crazy Yiuf]
  1648 | D:2      | Slain by Crazy Yiuf

Vault maps used:
D:1:      dpeg_arrival_tiny_a
D:2:      marbit_many_paths, tso_altar, uniq_crazy_yiuf_cottage

Skill      XL: |  1  2  3  4 |
---------------+-------------+-----
Short Blades   | 1 2 3 |  3.2
Crossbows      | 5 |  5.5
Dodging        | 3 |  3.0
Fighting       | |  2.6
Stealth        | |  1.3

Action                   |  1- 3 |  4- 6 || total
-------------------------+-------+-------++-------
Melee: Short sword       |    90 |    62 ||   152
  Use: Scroll            |     5 |       ||     5
 Stab: Sleeping          |     4 |     2 ||     6
  Eat: Chunk             |     4 |     2 ||     6
Armor: Leather armour    |    14 |    13 ||    27
Dodge: Dodged            |    54 |    39 ||    93
